 Dungeon Crawl Stone Soup version 0.24-a0-630-g0d56a851f4 (webtiles) character file.

Game seed: 7574955244582922269, levelgen mode: deterministic

109 LabCoat the Chopper (level 4, -6/40 HPs)
             Began as a Hill Orc Fighter on Sept 17, 2019.
             Mangled by an ogre
             ... wielding a +0 giant club
              (9 damage)
             ... on level 4 of the Dungeon on Sept 20, 2019.
             The game lasted 00:07:10 (2231 turns).

LabCoat the Chopper (Hill Orc Fighter)              Turns: 2231, Time: 00:07:10

Health: -6/40      AC:  9    Str: 19    XL:     4   Next: 89%
Magic:  4/4        EV:  7    Int:  8    God:
Gold:   137        SH:  9    Dex: 10    Spells: 3/3 levels left

rFire    . . .     SeeInvis .   a - +0 war axe
rCold    . . .     Gourm    .   c - +0 shield
rNeg     . . .     Faith    .   b - +0 scale mail
rPois    .         Spirit   .   (no helmet)
rElec    .         Reflect  .   (no cloak)
rCorr    .         Harm     .   j - +1 pair of gloves
MR       .....                  (no boots)
Stlth    ..........             (no amulet)
HPRegen  0.13/turn              (no ring)
MPRegen  0.09/turn              (no ring)

@: no status effects
A: no striking features
a: no special abilities


You were on level 4 of the Dungeon.
You were hungry.

You visited 1 branch of the dungeon, and saw 4 of its levels.

You collected 137 gold pieces.

Inventory:

Hand Weapons
 a - a +0 war axe (weapon)
 e - a +2 mace of pain
 i - a +0 flail
Missiles
 p - 4 poisoned darts (quivered)
Armour
 b - a +0 scale mail (worn)
 c - a +0 shield (worn)
 j - a +1 pair of gloves (worn)
Jewellery
 k - an uncursed ring of protection from magic
Scrolls
 h - a scroll of identify
 q - 2 scrolls of remove curse
Potions
 d - 2 potions of might
 m - a potion of mutation {unknown}
 n - a potion of heal wounds {unknown}
 o - a potion of flight
 r - a potion of agility {unknown}
Comestibles
 f - 7 rations


   Skills:
 + Level 4.2 Fighting
 * Level 4.9 Axes
 + Level 3.8 Armour
 + Level 3.9 Shields


You had 3 spell levels left.
You didn't know any spells.
Your spell library was empty.

Dungeon Overview and Level Annotations

Branches:
Dungeon (4/15)
 Temple: D:4-7

Altars:


Message History

The ogre is heavily wounded.
You closely miss the hound.
An adder comes into view.
The hound bites you but does no damage. The ogre hits you with a +0 giant club!
* * * LOW HITPOINT WARNING * * *
You block the hound's attack.
Your shield prevents you from hitting the ogre.
The ogre is heavily wounded.
Your shield and scale mail prevent you from hitting the hound.
The hound bites you but does no damage.
The orc wizard mumbles some strange words.
The orc wizard flickers and vanishes!
Deactivating autopickup; reactivate with Ctrl-A.
You block the ogre's attack. The hound barely misses you.
You slash the ogre!
The ogre is severely wounded.
You hit the hound.
You are feeling hungry.
The hound bites you but does no damage. The ogre hits you with a +0 giant club!
You die...

#.# #.# #.# #.# ###
#.#
###.#########.#######
##............<....)..
#
#....###############.#
#..#..#.#.###@#
#.........SOh#
#...##.#..oo{#
#.######.##loo..o #.
#.##S####. #.
#......o. . ####....#
. #..#.# ..#


You could see an ogre (inner flame), a hound (inner flame), 2 adders, 4 orcs and
a frilled lizard (inner flame).

Vanquished Creatures
  A worker ant (D:3)
  4 adders
  A worm (D:2)
  A dart slug (D:3)
  3 leopard geckos (D:1)
  4 giant cockroaches
  4 hobgoblins
  2 jackals (D:1)
  3 kobolds
  A quokka (D:3)
  A ball python (D:3)
  2 bats
  A frilled lizard (D:1)
  7 goblins
  6 rats (D:1)
41 creatures vanquished.

Notes
Turn   | Place    | Note
-------+----------+-------------------------------------------
     0 | D:1      | LabCoat the Hill Orc Fighter began the quest for the Orb.
     0 | D:1      | Reached XP level 1. HP: 19/19 MP: 1/1
   101 | D:1      | Reached XP level 2. HP: 27/27 MP: 2/2
   769 | D:1      | Reached XP level 3. HP: 33/33 MP: 3/3
  1147 | D:2      | You fall into a shaft and drop 1 floor!
  1148 | D:3      | Upgraded the game from 0.24-a0-619-gb7544fd237 to
                  | 0.24-a0-630-g0d56a851f4
  1206 | D:3      | Reached XP level 4. HP: 6/40 MP: 4/4
  2216 | D:4      | Noticed an ogre
  2231 | D:4      | Mangled by an ogre

Levels and vault maps discovered:
D:1:      doesnt_arrival_eight_statues, layout_loops_ring
D:2:      layout_loops_cross, uniq_natasha, uniq_sigmund
D:3:      layout_basic
D:4:      layout_basic, gammafunk_temple_overflow_claw, first_ration

Skill      XL: |  1  2  3 |
---------------+----------+-----
Axes           | 3 4 |  4.9
Fighting       | 4 |  4.2
Armour         | |  3.8
Shields        | |  3.9

Action                   |  1- 3 |  4- 6 || total
-------------------------+-------+-------++-------
Melee: War axe           |   121 |    49 ||   170
Throw: Dart              |       |     1 ||     1
  Use: Potion            |     2 |       ||     2
       Scroll            |       |     4 ||     4
  Eat: Chunk             |     1 |     3 ||     4
Armor: Scale mail        |    60 |    20 ||    80
       Skin              |     6 |       ||     6
Dodge: Dodged            |    30 |    14 ||    44
Block: Shield            |    51 |    27 ||    78

Table legend:
 A = Non-vault XP
 B = Vault XP
 C = Vault XP percentage of total XP
 D = Non-vault monster count
 E = Vault monster count
 F = Vault count percentage of total count
                 A         B        C        D         E       F
            +---------+---------+-------+---------+---------+-------
      Total |     156 |       0 |   0.0 |      41 |       0 |   0.0
            +---------+---------+-------+---------+---------+-------
        D:1 |      38 |       0 |   0.0 |      22 |       0 |   0.0
        D:2 |      25 |       0 |   0.0 |       5 |       0 |   0.0
        D:3 |      93 |       0 |   0.0 |      14 |       0 |   0.0
            +---------+---------+-------+---------+---------+-------
